[Event "18th Charleroi Open-A 2019"]
[Site "Charleroi"]
[Date "2019.07.27"]
[Round "1.3"]
[White "Hafner, Christian"]
[Black "Mirzoev, Azer"]
[Result "0-1"]
[ECO "A36"]
[WhiteElo "2071"]
[BlackElo "2474"]
[Annotator "ChessBase"]
[PlyCount "99"]
[EventDate "2019.07.22"]
[EventType "swiss"]
[EventCountry "BEL"]
[SourceTitle "playchess.com"]
[Source "ChessBase"]
[SourceQuality "1"]
[TimeControl "40/5400+30:1800+30"]

1. c4 Nf6 2. g3 g6 3. Bg2 Bg7 4. Nc3 O-O 5. e4 d6 6. Nge2 c5 7. O-O Nc6 8. d3 Rb8 9. Rb1 a6 10. a3 Bg4 11. Qc2 b5 12. cxb5 Nd4 13. Nxd4 cxd4 14. Ne2 Rc8 15. Qd1 axb5 16. h3 Bxe2 17. Qxe2 Nd7 18. Bd2 Qb6 19. Rfc1 Qa6 20. Rxc8 Rxc8 21. Qd1 Nc5 22. Bb4 Bh6 23. b3 e5 24. Kh2 Qb6 25. a4 Na6 26. Bd2 Bxd2 27. axb5 Qxb5 28. Qxd2 Nb4 29. Rb2 Qc5 30. Bf1 Qc3 31. Kg2 Ra8 32. Be2 Kg7 33. f4 Ra3 34. Kf2 Qxd2 35. Rxd2 Rxb3 36. Kf3 f5 37. g4 Kf6 38. exf5 gxf5 39. fxe5+ dxe5 40. gxf5 Kxf5 41. Kf2 Kf4 42. h4 h6 43. h5 Rc3 44. Bf1 Rc2 45. Rxc2 Nxc2 46. Be2 Nb4 47. Bf1 Nd5 48. Be2 Nf6 49. Bd1 Kg5 50. Ke1 0-1

[Event "18th Charleroi Open-A 2019"]
[Site "Charleroi"]
[Date "2019.07.27"]
[Round "1.5"]
[White "Dugailliez, Guy"]
[Black "Lugovskoy, Maxim"]
[Result "1-0"]
[ECO "A07"]
[WhiteElo "2063"]
[BlackElo "2425"]
[Annotator "NA"]
[PlyCount "109"]
[EventDate "2019.07.22"]
[EventType "swiss"]
[EventCountry "BEL"]
[SourceTitle "playchess.com"]
[Source "ChessBase"]
[SourceQuality "1"]
[TimeControl "40/5400+30:1800+30"]

1. Nf3 d5 2. g3 Nf6 3. Bg2 Bg4 4. O-O c6 5. d3 Nbd7 6. Nbd2 e5 7. h3 Bh5 8. Qe1 Bc5 9. e4 dxe4 10. dxe4 O-O 11. Nc4 Qc7 12. b4 Bxf3 13. Bxf3 Bd4 14. c3 Bb6 15. a4 a6 16. Nxb6 Nxb6 17. a5 Nbd7 18. Bg5 Rfd8 19. Bd1 h6 20. Bd2 Nf8 21. Be3 Qd7 22. Bb6 Re8 23. Kg2 Qd3 24. f3 N6d7 25. Be2 Qd6 26. Be3 Qe6 27. Qd2 Rad8 28. Rfd1 Qf6 29. Qc2 Ng6 30. h4 Ndf8 31. h5 Ne7 32. Rxd8 Rxd8 33. Rd1 Nc8 34. Rxd8 Qxd8 35. f4 exf4 36. gxf4 Ne6 37. Bg4 Qh4 38. Qd1 Qf6 39. e5 Nxf4+ 40. Kf3 Qxe5 41. Bxf4 Qxc3+ 42. Kg2 Qf6 43. Qd7 Ne7 44. Bd6 Qb2+ 45. Kh3 Qc3+ 46. Bg3 Qxb4 47. Qe8+ Kh7 48. Qxf7 Qe4 49. Bf3 Qe3 50. Bf2 Qe5 51. Bd4 Qf5+ 52. Qxf5+ Nxf5 53. Be4 g6 54. hxg6+ Kxg6 55. Kg4 {[%emt 0:00:00] Ne7} 1-0

[Event "18th Charleroi Open-A 2019"]
[Site "Charleroi"]
[Date "2019.07.27"]
[Round "1.6"]
[White "Maerevoet, Sim"]
[Black "Uhoda, Philippe"]
[Result "0-1"]
[ECO "C01"]
[WhiteElo "2321"]
[BlackElo "2062"]
[Annotator "NA"]
[PlyCount "72"]
[EventDate "2019.07.22"]
[EventType "swiss"]
[EventCountry "BEL"]
[SourceTitle "playchess.com"]
[Source "ChessBase"]
[SourceQuality "1"]
[TimeControl "40/5400+30:1800+30"]

1. e4 e6 2. d4 d5 3. Bd3 Nc6 4. c3 e5 5. exd5 Qxd5 6. Qe2 Qxg2 7. Be4 Qg4 8. Bf3 Qf5 9. d5 Nd8 10. h3 Nf6 11. Nd2 Bd6 12. Ne4 O-O 13. c4 b6 14. Bd2 Nb7 15. h4 Nc5 16. Ng3 Qc2 17. Bc3 Qxe2+ 18. N1xe2 Bg4 19. Bg2 Na4 20. Bh3 Bxh3 21. Rxh3 b5 22. b3 Nxc3 23. Nxc3 bxc4 24. bxc4 Bb4 25. Rc1 c6 26. dxc6 Rac8 27. Ke2 Rxc6 28. Nd1 Nd5 29. Kf3 Nf4 30. Rh1 Nd3 31. Rb1 Rxc4 32. Ne3 Rf4+ 33. Ke2 Nxf2 34. Rhf1 Ne4 35. Rxf4 Nxg3+ 36. Kf3 exf4 0-1

[Event "18th Charleroi Open-A 2019"]
[Site "Charleroi"]
[Date "2019.07.27"]
[Round "1.7"]
[White "Vanden Bussche, Steven"]
[Black "Capone, Nicola"]
[Result "1-0"]
[ECO "A36"]
[WhiteElo "2061"]
[BlackElo "2297"]
[Annotator "RC"]
[PlyCount "92"]
[EventDate "2019.07.22"]
[EventType "swiss"]
[EventCountry "BEL"]
[SourceTitle "playchess.com"]
[Source "ChessBase"]
[SourceQuality "1"]
[TimeControl "40/5400+30:1800+30"]

1. c4 e6 2. e4 c5 3. Nc3 Nc6 4. d3 d6 5. g3 g6 6. Bg2 Bg7 7. Nge2 Nge7 8. Be3 Nd4 9. O-O O-O 10. Qd2 Rb8 11. Bh6 a6 12. Bxg7 Kxg7 13. b4 b5 14. cxb5 axb5 15. Rfc1 Nec6 16. Nxd4 Nxd4 17. Ne2 Qf6 18. Rab1 Nxe2+ 19. Qxe2 Qd4 20. bxc5 dxc5 21. Qc2 Ba6 22. Qxc5 Qxd3 23. Qe5+ Kg8 24. Rd1 Qa3 25. h4 b4 26. Qf6 h5 27. g4 Be2 28. Re1 Bxg4 29. f3 Qc3 30. Qxc3 bxc3 31. fxg4 hxg4 32. e5 c2 33. Rbc1 Rb2 34. a4 Rc8 35. a5 Ra2 36. a6 Rc3 37. Bb7 Rg3+ 38. Kf2 Rh3 39. Kg2 Rxh4 40. Re4 Kg7 41. Rc4 Rh3 42. R1xc2 Rxc2+ 43. Rxc2 Ra3 44. Rc7 Kf8 45. Bc8 Ke8 46. a7 Kd8 1-0

[Event "18th Charleroi Open-A 2019"]
[Site "Charleroi"]
[Date "2019.07.27"]
[Round "1.8"]
[White "Klinova, Masha"]
[Black "Oupindrin, Narayanin"]
[Result "0-1"]
[ECO "A89"]
[WhiteElo "2269"]
[BlackElo "2056"]
[Annotator "NA"]
[PlyCount "70"]
[EventDate "2019.07.22"]
[EventType "swiss"]
[EventCountry "BEL"]
[SourceTitle "playchess.com"]
[Source "ChessBase"]
[SourceQuality "1"]
[TimeControl "40/5400+30:1800+30"]

1. d4 d6 2. Nf3 g6 3. g3 Bg7 4. Bg2 f5 5. O-O Nf6 6. b3 O-O 7. Bb2 Ne4 8. c4 Nc6 9. Nc3 Nxc3 10. Bxc3 Qe8 11. Qc2 e5 12. dxe5 dxe5 13. Qb2 Qe7 14. Rfd1 Rf7 15. e3 e4 16. Ne1 h5 17. Rac1 h4 18. c5 a6 19. b4 Be6 20. a4 Bxc3 21. Qxc3 a5 22. Nc2 axb4 23. Nxb4 Rxa4 24. Nd5 Bxd5 25. Rxd5 hxg3 26. hxg3 Qf6 27. Qxf6 Rxf6 28. Bf1 Rb4 29. Bc4 Kf8 30. Rd7 Ne5 31. Rxc7 Nxc4 32. Rd1 Rf7 33. Rd8+ Kg7 34. Rdd7 Rxd7 35. Rxd7+ Kf6 0-1

[Event "18th Charleroi Open-A 2019"]
[Site "Charleroi"]
[Date "2019.07.27"]
[Round "1.9"]
[White "Van Dijck, Bjarne"]
[Black "Sclacmender, Julien"]
[Result "1-0"]
[ECO "C41"]
[WhiteElo "2053"]
[BlackElo "2269"]
[Annotator "NA"]
[PlyCount "83"]
[EventDate "2019.07.22"]
[EventType "swiss"]
[EventCountry "BEL"]
[SourceTitle "playchess.com"]
[Source "ChessBase"]
[SourceQuality "1"]
[TimeControl "40/5400+30:1800+30"]

1. e4 d6 2. d4 Nf6 3. Nc3 e5 4. Nf3 Nbd7 5. Bc4 Be7 6. O-O O-O 7. h3 c6 8. a4 a5 9. Qe2 exd4 10. Nxd4 Nc5 11. Rd1 Qc7 12. Bf4 Be6 13. Nxe6 fxe6 14. Bg3 Kh8 15. e5 Nd5 16. Ne4 dxe5 17. Rd2 Nf4 18. Qe3 b6 19. Nxc5 Bxc5 20. Qe4 Rad8 21. Rad1 Rxd2 22. Rxd2 Bd6 23. c3 g6 24. Bxe6 Re8 25. Ba2 Nh5 26. Bh2 Nf6 27. Qd3 Bc5 28. Qc4 Qe7 29. Re2 e4 30. b4 axb4 31. cxb4 Rd8 32. Bg3 Rd4 33. Qc3 Rd3 34. Qxd3 exd3 35. Rxe7 Bxe7 36. Be5 h5 37. a5 bxa5 38. bxa5 Kh7 39. a6 d2 40. Bb3 Nd7 41. a7 Nb6 42. Kf1 1-0

[Event "18th Charleroi Open-A 2019"]
[Site "Charleroi"]
[Date "2019.07.27"]
[Round "1.12"]
[White "Faybish, Nimrod"]
[Black "Zamparo, Sergio"]
[Result "0-1"]
[ECO "A14"]
[WhiteElo "2220"]
[BlackElo "2031"]
[Annotator "NA"]
[PlyCount "60"]
[EventDate "2019.07.22"]
[EventType "swiss"]
[EventCountry "BEL"]
[SourceTitle "playchess.com"]
[Source "ChessBase"]
[SourceQuality "1"]
[TimeControl "40/5400+30:1800+30"]

1. c4 e6 2. g3 d5 3. Bg2 Nf6 4. Nf3 Be7 5. b3 O-O 6. O-O a5 7. a3 d4 8. Bb2 Nc6 9. e3 e5 10. exd4 exd4 11. Re1 Bg4 12. d3 Qd7 13. Nbd2 Rfe8 14. Qc2 Bc5 15. Ng5 h6 16. Nge4 Nxe4 17. Nxe4 Bf8 18. c5 Be6 19. Rab1 Bd5 20. Ba1 f5 21. Bh3 Ne5 22. Nd2 Bc6 23. b4 axb4 24. axb4 Kh8 25. b5 Bxb5 26. Bxf5 Qxf5 27. Rxb5 Nxd3 28. Rxe8 Qxf2+ 29. Kh1 Rc8 30. Rd8 Rxd8 0-1

[Event "18th Charleroi Open-A 2019"]
[Site "Charleroi"]
[Date "2019.07.27"]
[Round "1.13"]
[White "Miulescu, Gabriel"]
[Black "Van Mechelen, Jan"]
[Result "1-0"]
[ECO "E70"]
[WhiteElo "2020"]
[BlackElo "2218"]
[Annotator "NA"]
[PlyCount "109"]
[EventDate "2019.07.22"]
[EventType "swiss"]
[EventCountry "BEL"]
[SourceTitle "playchess.com"]
[Source "ChessBase"]
[SourceQuality "1"]
[TimeControl "40/5400+30:1800+30"]

1. d4 Nf6 2. c4 g6 3. Nc3 Bg7 4. e4 d6 5. Bd3 Nc6 6. Nge2 Nd7 7. Bc2 e5 8. d5 Ne7 9. O-O a5 10. Rb1 O-O 11. Bg5 h6 12. Be3 f5 13. exf5 Nxf5 14. Ng3 Nf6 15. Nxf5 Bxf5 16. f3 h5 17. Qd2 b6 18. Bg5 Rf7 19. Rbe1 Qf8 20. h3 Nh7 21. Be3 h4 22. Ne4 Qe7 23. a3 Bf6 24. b4 axb4 25. axb4 Kh8 26. Ra1 Rff8 27. c5 bxc5 28. bxc5 Rg8 29. Rxa8 Rxa8 30. Rb1 Bxe4 31. Bxe4 Bg5 32. Bxg6 Rg8 33. cxd6 cxd6 34. Bxh7 Qxh7 35. Rb4 Bd8 36. Rg4 Rxg4 37. hxg4 h3 38. gxh3 Qxh3 39. Qh2 Qxh2+ 40. Kxh2 Kg7 41. Kg3 Kg6 42. Kf2 Be7 43. Ke2 Bf8 44. Kd3 Kf7 45. Kc4 Ke8 46. Kb5 Kd7 47. Bg5 Bg7 48. Kb6 Bh8 49. Bh6 Bf6 50. g5 Bd8+ 51. Kb7 Ba5 52. Bf8 Bb4 53. g6 Ke8 54. g7 Kf7 55. Kc6 1-0

[Event "18th Charleroi Open-A 2019"]
[Site "Charleroi"]
[Date "2019.07.27"]
[Round "1.19"]
[White "Godde, Matthias"]
[Black "Iolis, Oleg"]
[Result "0-1"]
[ECO "B22"]
[WhiteElo "1989"]
[BlackElo "2178"]
[Annotator "NA"]
[PlyCount "132"]
[EventDate "2019.07.22"]
[EventType "swiss"]
[EventCountry "BEL"]
[SourceTitle "playchess.com"]
[Source "ChessBase"]
[SourceQuality "1"]
[TimeControl "40/5400+30:1800+30"]

1. e4 c5 2. c3 Nf6 3. e5 Nd5 4. d4 cxd4 5. cxd4 d6 6. Nf3 Nc6 7. Bc4 Nb6 8. Bb5 dxe5 9. Nxe5 Bd7 10. Nxd7 Qxd7 11. Nc3 e6 12. O-O Be7 13. Qg4 O-O 14. Bh6 Qxd4 15. Qg3 Bh4 16. Be3 Bxg3 17. Bxd4 Bxh2+ 18. Kxh2 Nxd4 19. Bd3 Rfd8 20. Be4 Rd7 21. g3 Nc4 22. Bg2 Rc8 23. Nd1 Nd2 24. Rh1 Rc5 25. Ne3 N2f3+ 26. Bxf3 Nxf3+ 27. Kg2 Ne5 28. Rhd1 Rxd1 29. Rxd1 Kf8 30. b4 Rc7 31. Rd8+ Ke7 32. Rh8 h6 33. b5 Nc4 34. Nxc4 Rxc4 35. Ra8 Rb4 36. Rxa7 Rxb5 37. a4 Rb3 38. a5 Kf6 39. a6 bxa6 40. Rxa6 h5 41. Ra5 g6 42. Rc5 Rd3 43. Ra5 Rd4 44. Rb5 h4 45. gxh4 Rxh4 46. Ra5 g5 47. Rb5 Rd4 48. Ra5 Kg6 49. Re5 Rd6 50. Kg3 f5 51. Ra5 Rd3+ 52. Kg2 g4 53. Re5 Kf6 54. Ra5 e5 55. Rb5 e4 56. Ra5 Kg5 57. Rb5 Kf4 58. Rb4 g3 59. fxg3+ Rxg3+ 60. Kf2 Rd3 61. Ke2 Rh3 62. Kf2 Rh2+ 63. Kg1 Rd2 64. Rb3 e3 65. Ra3 Rd1+ 66. Kg2 e2 0-1

[Event "18th Charleroi Open-A 2019"]
[Site "Charleroi"]
[Date "2019.07.27"]
[Round "1.20"]
[White "Manafov, Vugar"]
[Black "Callier, Christophe"]
[Result "1/2-1/2"]
[ECO "B74"]
[WhiteElo "2175"]
[BlackElo "1986"]
[Annotator "NA"]
[PlyCount "82"]
[EventDate "2019.07.22"]
[EventType "swiss"]
[EventCountry "BEL"]
[SourceTitle "playchess.com"]
[Source "ChessBase"]
[SourceQuality "1"]
[TimeControl "40/5400+30:1800+30"]

1. e4 c5 2. Nf3 g6 3. d4 cxd4 4. Nxd4 Nc6 5. Nc3 Bg7 6. Nb3 Nf6 7. Be2 O-O 8. O-O b6 9. f4 d6 10. Bf3 Bb7 11. Be3 Nd7 12. Qd2 a5 13. a4 Nb4 14. Rad1 Nc5 15. Nxc5 dxc5 16. e5 Bxf3 17. Rxf3 Qxd2 18. Rxd2 Rfd8 19. Rff2 Kf8 20. g4 e6 21. Kg2 Nd5 22. Nd1 Ke7 23. c3 Rac8 24. h4 Rc7 25. Kf3 Rcd7 26. Rd3 f6 27. exf6+ Nxf6 28. Rxd7+ Rxd7 29. Rd2 Nd5 30. Nf2 Rd8 31. Ne4 Rc8 32. Ng5 h6 33. Ne4 Nf6 34. Nxf6 Bxf6 35. Ke4 Bxh4 36. Rh2 g5 37. fxg5 hxg5 38. Rh1 Rf8 39. c4 Rf7 40. Rd1 Rf8 41. Rh1 Rf7 1/2-1/2

[Event "18th Charleroi Open-A 2019"]
[Site "Charleroi"]
[Date "2019.07.27"]
[Round "1.21"]
[White "Verhalle, Elias"]
[Black "Goormachtigh, Johan"]
[Result "1-0"]
[ECO "A11"]
[WhiteElo "1983"]
[BlackElo "2164"]
[Annotator "NA"]
[PlyCount "51"]
[EventDate "2019.07.22"]
[EventType "swiss"]
[EventCountry "BEL"]
[SourceTitle "playchess.com"]
[Source "ChessBase"]
[SourceQuality "1"]
[TimeControl "40/5400+30:1800+30"]

1. c4 c6 2. Nf3 d5 3. g3 Nf6 4. Bg2 Bf5 5. cxd5 cxd5 6. Qb3 Qb6 7. Qxb6 axb6 8. d3 Nc6 9. O-O h6 10. Nc3 e6 11. Nb5 Kd7 12. Bf4 Be7 13. Ne5+ Nxe5 14. Bxe5 Rhc8 15. e4 Bg6 16. Nc3 dxe4 17. dxe4 Ke8 18. Rfd1 Bh5 19. Rd2 Rd8 20. Rc2 Rac8 21. h3 Bd1 22. Rcc1 Bh5 23. Nb5 Rc5 24. Rxc5 bxc5 25. g4 Bg6 26. Re1 1-0

[Event "18th Charleroi Open-A 2019"]
[Site "Charleroi"]
[Date "2019.07.28"]
[Round "2.1"]
[White "Gurevich, Mikhail"]
[Black "Manafov, Vugar"]
[Result "1-0"]
[ECO "A14"]
[WhiteElo "2587"]
[BlackElo "2175"]
[Annotator "ChessBase"]
[PlyCount "71"]
[EventDate "2019.07.22"]
[EventType "swiss"]
[EventCountry "BEL"]
[SourceTitle "playchess.com"]
[Source "ChessBase"]
[SourceQuality "1"]
[TimeControl "40/5400+30:1800+30"]

1. c4 Nf6 2. Nf3 e6 3. g3 d5 4. Bg2 Nbd7 5. b3 Be7 6. O-O O-O 7. Bb2 a5 8. d4 a4 9. c5 Ne4 10. b4 c6 11. a3 b6 12. Nc3 bxc5 13. dxc5 Nxc3 14. Bxc3 Bf6 15. Nd4 Bxd4 16. Qxd4 e5 17. Qd2 Ba6 18. f4 Qe7 19. fxe5 Nxe5 20. Qd4 Rae8 21. Rf5 f6 22. e4 dxe4 23. Bxe4 Kh8 24. Re1 Qf7 25. Qd2 Nd3 26. Re3 Rxe4 27. Rxe4 Qg6 28. g4 Bc8 29. Kh1 Rd8 30. Rff4 Rd5 31. Qe2 h6 32. Rf1 Ba6 33. Re8+ Kh7 34. Qe6 h5 35. Qg8+ Kh6 36. Bd2+ {[%emt 0:06:18] Rd7} 1-0

[Event "18th Charleroi Open-A 2019"]
[Site "Charleroi"]
[Date "2019.07.28"]
[Round "2.2"]
[White "Verheyen, Olivier"]
[Black "Miezis, Normunds"]
[Result "1/2-1/2"]
[ECO "B41"]
[WhiteElo "2200"]
[BlackElo "2495"]
[Annotator "ChessBase"]
[PlyCount "91"]
[EventDate "2019.07.22"]
[EventType "swiss"]
[EventCountry "BEL"]
[SourceTitle "playchess.com"]
[Source "ChessBase"]
[SourceQuality "1"]
[TimeControl "40/5400+30:1800+30"]

1. e4 c5 2. Nf3 e6 3. d4 cxd4 4. Nxd4 a6 5. c4 Nf6 6. Nc3 Bb4 7. Qd3 O-O 8. e5 Ne8 9. Bf4 d6 10. Nc2 Bxc3+ 11. Qxc3 dxe5 12. Bxe5 Nc6 13. Rd1 Qe7 14. Be2 f6 15. Bg3 f5 16. Be5 f4 17. Bf3 Qg5 18. Bxc6 bxc6 19. g3 fxg3 20. hxg3 c5 21. f4 Qf5 22. Qd3 Bb7 23. Qxf5 exf5 24. O-O Be4 25. Ne3 a5 26. Nd5 Ra6 27. Nc3 Bc6 28. Rd8 Nf6 29. Bxf6 gxf6 30. Rfd1 Rxd8 31. Rxd8+ Kf7 32. Nd5 Bxd5 33. Rxd5 Rb6 34. Rxc5 Rxb2 35. Rxa5 Kg6 36. a4 Rc2 37. Rc5 Kh5 38. Rxf5+ Kg4 39. Rxf6 Kxg3 40. Kf1 Rxc4 41. Rh6 Rxf4+ 42. Ke2 Re4+ 43. Kd3 Rxa4 44. Rxh7 Rh4 45. Rxh4 Kxh4 46. Ke4 1/2-1/2

[Event "18th Charleroi Open-A 2019"]
[Site "Charleroi"]
[Date "2019.07.28"]
[Round "2.3"]
[White "Mirzoev, Azer"]
[Black "Lacroix, Bruno"]
[Result "1-0"]
[ECO "E83"]
[WhiteElo "2474"]
[BlackElo "2152"]
[Annotator "ChessBase"]
[PlyCount "81"]
[EventDate "2019.07.22"]
[EventType "swiss"]
[EventCountry "BEL"]
[SourceTitle "playchess.com"]
[Source "ChessBase"]
[SourceQuality "1"]
[TimeControl "40/5400+30:1800+30"]

1. d4 Nf6 2. c4 g6 3. Nc3 Bg7 4. e4 d6 5. f3 O-O 6. Be3 Nc6 7. Nge2 a6 8. Qd2 Re8 9. Rd1 Bd7 10. Nc1 e5 11. d5 Nd4 12. Nb3 Nxb3 13. axb3 Nh5 14. c5 f5 15. Bc4 Kh8 16. b4 Rf8 17. O-O f4 18. Bf2 Bf6 19. Ra1 Bh4 20. b5 axb5 21. Nxb5 Bxf2+ 22. Qxf2 Bxb5 23. Bxb5 Qe7 24. b4 Nf6 25. Rfc1 Rfc8 26. Be2 Nd7 27. Bb5 Nf6 28. Ra5 Rxa5 29. bxa5 Ra8 30. cxd6 Qxd6 31. Qe1 Kg7 32. Qc3 Rc8 33. h3 Kf8 34. Kh2 Ke7 35. Qb3 Ra8 36. Qa4 Kd8 37. a6 bxa6 38. Rc6 Qe7 39. Re6 Qc5 40. Rxf6 Qe7 41. Rc6 1-0

[Event "18th Charleroi Open-A 2019"]
[Site "Charleroi"]
[Date "2019.07.28"]
[Round "2.4"]
[White "Goormachtigh, Johan"]
[Black "Gutenev, Alexander"]
[Result "0-1"]
[ECO "D85"]
[WhiteElo "2164"]
[BlackElo "2470"]
[Annotator "ChessBase"]
[PlyCount "54"]
[EventDate "2019.07.22"]
[EventType "swiss"]
[EventCountry "BEL"]
[SourceTitle "playchess.com"]
[Source "ChessBase"]
[SourceQuality "1"]
[TimeControl "40/5400+30:1800+30"]

1. d4 Nf6 2. Nf3 g6 3. c4 Bg7 4. Nc3 d5 5. cxd5 Nxd5 6. e4 Nxc3 7. bxc3 c5 8. Be3 Qa5 9. Qd2 O-O 10. Rb1 a6 11. Rc1 Bg4 12. Be2 Nd7 13. h3 Bxf3 14. Bxf3 Rfd8 15. d5 c4 16. O-O Ne5 17. Be2 e6 18. Qb2 Qb5 19. Qxb5 axb5 20. dxe6 Rxa2 21. exf7+ Kxf7 22. Rfe1 Nd3 23. Bxd3 Rxd3 24. Red1 Rxd1+ 25. Rxd1 Bxc3 26. Rd7+ Ke8 27. Rxb7 b4 0-1

[Event "18th Charleroi Open-A 2019"]
[Site "Charleroi"]
[Date "2019.07.28"]
[Round "2.5"]
[White "Lugovskoy, Maxim"]
[Black "De Villers, Mourad"]
[Result "1-0"]
[ECO "B06"]
[WhiteElo "2425"]
[BlackElo "2140"]
[Annotator "NA"]
[PlyCount "101"]
[EventDate "2019.07.22"]
[EventType "swiss"]
[EventCountry "BEL"]
[SourceTitle "playchess.com"]
[Source "ChessBase"]
[SourceQuality "1"]
[TimeControl "40/5400+30:1800+30"]

1. e4 c5 2. Nf3 g6 3. c3 d5 4. exd5 Qxd5 5. d4 Bg7 6. Be2 cxd4 7. cxd4 Nf6 8. Nc3 Qa5 9. Ne5 O-O 10. O-O Nc6 11. Nc4 Qc7 12. Be3 Rd8 13. Nb5 Qb8 14. Qc1 Nd5 15. Bf3 Be6 16. Rd1 Nxe3 17. fxe3 Bd5 18. Bxd5 Rxd5 19. Nc3 Rd7 20. Qc2 Qd8 21. Qb3 Na5 22. Nxa5 Qxa5 23. Rac1 Rad8 24. Ne4 b6 25. Rf1 Qd5 26. Qxd5 Rxd5 27. Rc7 R5d7 28. Rfc1 h6 29. b4 e5 30. Rxd7 Rxd7 31. Rc8+ Kh7 32. dxe5 Bxe5 33. g3 f5 34. Nf2 Kg7 35. Kf1 Rd2 36. a4 Bd6 37. Rc4 Rb2 38. b5 Ra2 39. e4 Bc5 40. Nd3 Be3 41. Rc7+ Kf6 42. e5+ Ke6 43. Rc6+ Kf7 44. Nb4 Rf2+ 45. Ke1 Rxh2 46. e6+ Kf8 47. Nd5 Bg5 48. Rc8+ Kg7 49. Rc7+ Kf8 50. Rf7+ Ke8 51. Rxa7 1-0

[Event "18th Charleroi Open-A 2019"]
[Site "Charleroi"]
[Date "2019.07.28"]
[Round "2.7"]
[White "Capone, Nicola"]
[Black "Roos, David"]
[Result "1-0"]
[ECO "B57"]
[WhiteElo "2297"]
[BlackElo "2114"]
[Annotator "NA"]
[PlyCount "35"]
[EventDate "2019.07.22"]
[EventType "swiss"]
[EventCountry "BEL"]
[SourceTitle "playchess.com"]
[Source "ChessBase"]
[SourceQuality "1"]
[TimeControl "40/5400+30:1800+30"]

1. e4 c5 2. Nc3 Nc6 3. Nf3 d6 4. d4 cxd4 5. Nxd4 Nf6 6. Bc4 Qb6 7. Nxc6 bxc6 8. O-O e5 9. Bb3 Be6 10. Kh1 Be7 11. Qd3 Qb7 12. f4 exf4 13. Bxf4 d5 14. exd5 Nxd5 15. Nxd5 Bxd5 16. Qg3 g6 17. Qc3 O-O-O 18. Bxd5 1-0

[Event "18th Charleroi Open-A 2019"]
[Site "Charleroi"]
[Date "2019.07.28"]
[Round "2.9"]
[White "Moreels, Yves"]
[Black "Gijsen, Stief"]
[Result "1/2-1/2"]
[ECO "A29"]
[WhiteElo "2079"]
[BlackElo "2227"]
[Annotator "NA"]
[PlyCount "117"]
[EventDate "2019.07.22"]
[EventType "swiss"]
[EventCountry "BEL"]
[SourceTitle "playchess.com"]
[Source "ChessBase"]
[SourceQuality "1"]
[TimeControl "40/5400+30:1800+30"]

1. c4 e5 2. Nc3 Nf6 3. Nf3 Nc6 4. g3 d5 5. cxd5 Nxd5 6. Bg2 Nb6 7. O-O Be7 8. a3 O-O 9. b4 Be6 10. Rb1 f6 11. d3 a5 12. b5 Nd4 13. Be3 Bxa3 14. Bxd4 exd4 15. Na4 Bb4 16. Qc2 Nxa4 17. Qxa4 Bd5 18. Rfc1 Qd7 19. Rxb4 axb4 20. Qxb4 Ra2 21. Nxd4 Bxg2 22. Kxg2 Rd8 23. Rc4 Qd5+ 24. e4 Qd6 25. Qb3 Ra3 26. Qc2 Qb6 27. Nf5 Raxd3 28. Ne7+ Kf8 29. Nd5 R3xd5 30. exd5 Qxb5 31. Rc5 Qd7 32. Qxh7 b6 33. Qh8+ Kf7 34. Qh5+ Kg8 35. Rc1 Qxd5+ 36. Qxd5+ Rxd5 37. Rxc7 b5 38. h4 b4 39. Rb7 Rd4 40. Kf3 Rc4 41. Ke2 Kh7 42. Kd3 Rg4 43. Ke3 Kg6 44. Rb5 Kf7 45. Ke2 Rc4 46. Kd3 Rg4 47. Ke2 Ke6 48. f4 Rxg3 49. Rxb4 Kf5 50. Kf2 Kg4 51. h5 Rf3+ 52. Ke2 Rg3 53. Kf2 Kh4 54. Rb5 Ra3 55. Rb7 Kg4 56. Rxg7+ Kxf4 57. h6 Rh3 58. h7 f5 59. Kg2 1/2-1/2

[Event "18th Charleroi Open-A 2019"]
[Site "Charleroi"]
[Date "2019.07.28"]
[Round "2.10"]
[White "De Waele, Warre"]
[Black "Van Dijck, Bjarne"]
[Result "1-0"]
[ECO "D85"]
[WhiteElo "2225"]
[BlackElo "2053"]
[Annotator "NA"]
[PlyCount "77"]
[EventDate "2019.07.22"]
[EventType "swiss"]
[EventCountry "BEL"]
[SourceTitle "playchess.com"]
[Source "ChessBase"]
[SourceQuality "1"]
[TimeControl "40/5400+30:1800+30"]

1. d4 Nf6 2. Nf3 g6 3. c4 Bg7 4. Nc3 d5 5. cxd5 Nxd5 6. e4 Nxc3 7. bxc3 c5 8. Be3 Bg4 9. Rc1 O-O 10. Qd2 Qa5 11. d5 c4 12. Nd4 b5 13. h4 e6 14. dxe6 fxe6 15. h5 Rd8 16. e5 Bxe5 17. hxg6 hxg6 18. f3 Bf5 19. g4 Nc6 20. gxf5 Nxd4 21. cxd4 Qxd2+ 22. Kxd2 Bxd4 23. Bxd4 Rxd4+ 24. Ke3 e5 25. Rg1 Rad8 26. Rxg6+ Kf7 27. Re6 Rd1 28. Rxd1 Rxd1 29. Be2 Ra1 30. Ra6 c3 31. Rxa7+ Kf6 32. Bd3 Re1+ 33. Kf2 Rd1 34. Ke2 Rd2+ 35. Ke3 b4 36. Ra6+ Kf7 37. Rb6 Rb2 38. Bc4+ Kf8 39. f6 1-0

[Event "18th Charleroi Open-A 2019"]
[Site "Charleroi"]
[Date "2019.07.28"]
[Round "2.12"]
[White "Verbist, Julien"]
[Black "Abdullayev, Elshad"]
[Result "1/2-1/2"]
[ECO "B20"]
[WhiteElo "1974"]
[BlackElo "2204"]
[Annotator "NA"]
[PlyCount "53"]
[EventDate "2019.07.22"]
[EventType "swiss"]
[EventCountry "BEL"]
[SourceTitle "playchess.com"]
[Source "ChessBase"]
[SourceQuality "1"]
[TimeControl "40/5400+30:1800+30"]

1. e4 c5 2. Bc4 e6 3. Qe2 a6 4. d3 Nc6 5. c3 Na5 6. Nd2 b5 7. Bb3 Nxb3 8. Nxb3 d5 9. d4 c4 10. Nd2 dxe4 11. Nxe4 Bb7 12. Nf3 Nf6 13. Bg5 Bxe4 14. Bxf6 Bxf3 15. Qxf3 gxf6 16. Qc6+ Ke7 17. Qb7+ Kd6 18. d5 exd5 19. O-O-O Kc5 20. b4+ cxb3 21. axb3 a5 22. c4 bxc4 23. bxc4 Kxc4 24. Qc6+ Bc5 25. Qa4+ Bb4 26. Qc6+ Bc5 27. Qa4+ 1/2-1/2

[Event "18th Charleroi Open-A 2019"]
[Site "Charleroi"]
[Date "2019.07.28"]
[Round "2.13"]
[White "Decrop, Benjamin"]
[Black "Partoens, Remi"]
[Result "1-0"]
[ECO "C47"]
[WhiteElo "2183"]
[BlackElo "1957"]
[Annotator "NA"]
[PlyCount "105"]
[EventDate "2019.07.22"]
[EventType "swiss"]
[EventCountry "BEL"]
[SourceTitle "playchess.com"]
[Source "ChessBase"]
[SourceQuality "1"]
[TimeControl "40/5400+30:1800+30"]

1. e4 e5 2. Nf3 Nf6 3. Nc3 Nc6 4. d4 exd4 5. Nxd4 Bb4 6. Nxc6 bxc6 7. Bd3 O-O 8. O-O Re8 9. Qf3 Rb8 10. h3 Bd6 11. Rb1 Be5 12. Bd2 d6 13. b3 c5 14. Rfe1 Bd7 15. Nd5 Nxd5 16. exd5 Qf6 17. Qxf6 Bxf6 18. Ba5 Bd8 19. Bf5 c6 20. Bc3 Rxe1+ 21. Rxe1 Ba5 22. Bxa5 Bxf5 23. dxc6 Rc8 24. c4 Kf8 25. c7 Re8 26. Rd1 Ke7 27. b4 Rc8 28. bxc5 dxc5 29. Rd5 Be6 30. Rxc5 Kd6 31. Rb5 Bxc4 32. Rb8 Ba6 33. f3 Kc6 34. Kf2 Bb7 35. h4 Kb5 36. Rxb7+ Kxa5 37. Rxa7+ Kb6 38. Ra3 Rxc7 39. Rb3+ Ka5 40. g4 Rc2+ 41. Kg3 Rc7 42. h5 h6 43. Kf4 Re7 44. Kf5 Rc7 45. Rb8 Ka4 46. Rg8 Rc5+ 47. Kf4 Rg5 48. Rf8 f6 49. Rf7 Kb4 50. Kg3 Kc4 51. f4 Ra5 52. Rxg7 Ra3+ 53. Kh4 1-0